 Dungeon Crawl Stone Soup version 0.21-a0-471-gd587bd5 (webtiles) character file.

56 kae the Insei (level 3, -3/29 HPs)
             Began as a Draconian Transmuter on Nov 21, 2017.
             Slain by a gnoll
             ... wielding a +0 whip
              (9 damage)
             ... on level 2 of the Dungeon.
             The game lasted 00:01:33 (1496 turns).

kae the Insei (Draconian Transmuter)                Turns: 1496, Time: 00:01:34

Health: -3/29      AC:  5    Str: 12    XL:     3   Next: 69%
Magic:  4/6        EV: 12    Int: 13    God:
Gold:   26         SH:  0    Dex: 12    Spells: 3/6 levels left

rFire    . . .     SeeInvis .   i - +0 whip
rCold    . . .     Gourm    .   (no shield)
rNeg     . . .     Faith    .   (armour unavailable)
rPois    .         Spirit   .   (helmet restricted)
rElec    .         Reflect  .   (no cloak)
rCorr    .         Harm     .   (no gloves)
MR       .....                  (no boots)
Stlth    +.........             (no amulet)
HPRegen  0.09/turn              d - ring of wizardry
MPRegen  0.10/turn              (no ring)

@: no status effects
A: unfitting armour, cold-blooded, AC +5
a: no special abilities


You were on level 2 of the Dungeon.
You were hungry.

You visited 1 branch of the dungeon, and saw 2 of its levels.

You collected 26 gold pieces.

Inventory:

Hand Weapons
 i - a +0 whip (weapon)
Missiles
 a - 25 arrows
Jewellery
 d - a ring of wizardry (left hand)
Scrolls
 e - a scroll of enchant weapon {unknown}
Books
 b - a book of Changes

   Spells                             Type                      Level
   a - Beastly Appendage              Transmutation                1
   b - Sticks to Snakes               Transmutation                2
   c - Spider Form                    Transmutation/Poison         3
   d - Ice Form                       Ice/Transmutation            4
   e - Blade Hands                    Transmutation                5
Comestibles
 c - a bread ration
 h - 2 royal jellies


   Skills:
 + Level 1.7 Fighting
 - Level 1.7 Dodging
 * Level 3.7 Unarmed Combat
 + Level 2.3 Spellcasting
 * Level 2.8 Transmutations


You had 3 spell levels left.
You knew the following spells:

 Your Spells              Type           Power        Failure   Level  Hunger
a - Beastly Appendage     Tmut           #.....       3%          1    #......
b - Sticks to Snakes      Tmut           #.......     4%          2    ###....


Dungeon Overview and Level Annotations

Branches:
Dungeon (2/15)

Altars:


Innate Abilities, Weirdness & Mutations

Your plain brown scales are hard. (AC +5)
You cannot fit into any form of body armour.
You are cold-blooded and may be slowed by cold attacks.


Message History

You hit the gnoll.
You kill the gnoll!
Your ball python bites the gnoll.
Your ball python constricts the gnoll.
The gnoll hits you but does no damage.
Your ball python bites the gnoll.
Your ball python constricts the gnoll.
You hit the gnoll but do no damage.
The gnoll is heavily wounded.
The gnoll hits you with a whip!
Your ball python bites the gnoll but does no damage.
Your ball python constricts the gnoll.
The gnoll hits you with a whip.
* * * LOW HITPOINT WARNING * * *
You are too injured to fight recklessly!
You are too injured to fight recklessly!
You are too injured to fight recklessly!
You are too injured to fight recklessly!
You hit the gnoll.
The gnoll is heavily wounded.
Your ball python bites the gnoll but does no damage.
Your ball python constricts the gnoll.
The gnoll hits you with a whip!
You die...

+...........#
########....# ######
#......# #.....
#.##...# #.###.
####.##...####.# #.
#....##...#....# #.
#.#####...#.######.
##)## #...........#
#Sg@######.......#.#
#..###...).....#.#.#
#..###.###...#.#...#
#......<#....#.#####
#.#####.#.........#
...# #.#......##.#
##### #.#...#.###.#
#######
#.#...#....[#
#.....#
#.....#.#####


You could see a gnoll and a friendly ball python.

Vanquished Creatures
  A gnoll (D:2)
  An adder (D:2)
  A dart slug (D:1)
  A leopard gecko (D:1)
  A giant cockroach (D:1)
  A goblin (D:2)
  5 hobgoblins
  4 jackals (D:2)
  A bat (D:1)
  4 kobolds
  6 rats (D:1)
26 creatures vanquished.

Vanquished Creatures (collateral kills)
  A gnoll (D:1)
  A ball python (D:2)
2 creatures vanquished.

Vanquished Creatures (others)
  7 toadstools (D:1)
7 creatures vanquished.

Grand Total: 35 creatures vanquished

Notes
Turn   | Place    | Note
-------+----------+-------------------------------------------
     0 | D:1      | kae the Draconian Transmuter began the quest for the Orb.
     0 | D:1      | Reached XP level 1. HP: 16/16 MP: 3/3
   231 | D:1      | Reached XP level 2. HP: 22/23 MP: 5/5
   842 | D:1      | Learned a level 2 spell: Sticks to Snakes
   896 | D:2      | HP: 1/34 [goblin (2)]
   911 | D:2      | Reached XP level 3. HP: 4/28 MP: 6/6
  1496 | D:2      | Slain by a gnoll

Vault maps used:
D:1:      nagdon_arrival_double_spiral, minmay_misc_feat_iff
D:2:      minmay_overflow_temple_hex

Action                   || total
-------------------------++-------
Melee: Unarmed           ||    52
       Tailslap          ||     9
       Punch             ||     1
       Whip              ||    40
       Headbutt          ||     1
 Cast: Sticks to Snakes  ||     6
       Beastly Appendage ||     1
  Use: Scroll            ||     2
       Potion            ||     1
  Eat: Chunk             ||     2
Armor: Skin              ||    51
Dodge: Dodged            ||    60

Table legend:
 A = Spawn XP
 B = Non-spawn XP
 C = Spawn XP percentage of total XP
 D = Spawn monster count
 E = Non-spawn monster count
 F = Spawn count percentage of total count
 G = Total turns spent on level
                    A         B        C        D         E        F      G
               +---------+---------+-------+---------+---------+-------+---------
         Total |       0 |      80 |   0.0 |       0 |      28 |   0.0 |  1496
               +---------+---------+-------+---------+---------+-------+---------
           D:1 |       0 |      38 |   0.0 |       0 |      18 |   0.0 |   997
           D:2 |       0 |      42 |   0.0 |       0 |      10 |   0.0 |   499
               +---------+---------+-------+---------+---------+-------+---------
